 Dungeon Crawl Stone Soup version 0.10.4 character file.

111 MordorOrchid the Ogre Mage (level 3, -1/28 HPs)
             Began as an Ogre Wizard on May 23, 2020.
             Slain by Ijyb
             ... wielding a +3,+4 club
              (2 damage)
             ... on Level 2 of the Dungeon.
             The game lasted 00:06:31 (1201 turns).

MordorOrchid the Ogre Mage (Ogre Wizard)            Turns: 1201, Time: 00:06:31

HP  -1/28        AC  3     Str 17      XL: 3   Next: 13%
MP   3/10        EV 10     Int 18      God:
Gold 86          SH  0     Dex  8      Spells:  4 memorised,  2 levels left

Res.Fire  : . . .   See Invis. : .   e - +1,+0 dagger
Res.Cold  : . . .   Warding    : . . a - +0 robe
Life Prot.: . . .   Conserve   : .   (shield restricted)
Res.Acid. : . . .   Res.Corr.  : .   b - +0 wizard hat
Res.Poison: .       Clarity    : .   (no cloak)
Res.Elec. : .       Spirit.Shd : .   (gloves unavailable)
Sust.Abil.: . .     Stasis     : .   (boots unavailable)
Res.Mut.  : .       Ctrl.Telep.: .   (no amulet)
Res.Rott. : .       Levitation : .   (no ring)
Saprovore : + . .   Ctrl.Flight: .   (no ring)

@: mighty, slightly resistant to hostile enchantments, unstealthy
A: unfitting armour, fast metabolism 1, saprovore 1, tough skin 1
a: no special abilities


You were on level 2 of the Dungeon.
You were not hungry.

You visited 1 branch of the dungeon, and saw 2 of its levels.

You collected 66 gold pieces.

Inventory:

Hand weapons
 e - a +1,+0 dagger (weapon)
Missiles
 i - 22 +0 darts (quivered)
 k - 22 poisoned +0 needles
Armour
 a - a +0 robe (worn)
 b - a +0 wizard hat (worn)
Comestibles
 d - 2 meat rations
 m - a chunk of giant newt flesh
Potions
 g - 4 potions of curing
 h - a potion of levitation {unknown}
Books
 c - a book of Minor Magic

   Spells                             Type                      Level
   *Magic Dart                        Conjuration                  1
   *Blink                             Translocation                2
   *Call Imp                          Summoning                    2
   Repel Missiles                     Charms/Air                   2
   Slow                               Hexes                        2
   *Conjure Flame                     Conjuration/Fire             3
   Mephitic Cloud                     Conjuration/Poison/Air       3


   Skills:
 * Level 1.2 Fighting
 + Level 2.1 Dodging
 - Level 1.8 Stealth
 + Level 4.1 Spellcasting
 * Level 1.4 Conjurations
 * Level 0.8 Summonings
 - Level 1.0 Translocations


You had 2 spell levels left.
You knew the following spells:

 Your Spells              Type           Power        Failure   Level  Hunger
a - Magic Dart            Conj           ##...        10%         1    None
b - Call Imp              Summ           ##........   17%         2    Strawberry
c - Conjure Flame         Fire/Conj      ##.......    34%         3    Choko
x - Blink                 Tloc           N/A          14%         2    Strawberry

Dungeon Overview and Level Annotations

Branches:
Dungeon (2/27)

Altars:
Zin

Annotations
D:2 Ijyb


Innate Abilities, Weirdness & Mutations

You are too large for most types of armour.
You have a fast metabolism.
You can tolerate rotten meat.
You have tough skin (AC +1).


Message History

* * * LOW HITPOINT WARNING * * *
You closely miss Ijyb.
Ijyb is severely wounded.
Ijyb hits you but does no damage.
You hit Ijyb but do no damage.
Ijyb is severely wounded.
Ijyb barely misses you.
You completely miss Ijyb.
Ijyb is severely wounded.
You closely miss Ijyb.
Ijyb is severely wounded.
Ijyb hits you but does no damage.
You hit Ijyb.
Ijyb is almost dead.
Ijyb hits you with a club.
* * * LOW HITPOINT WARNING * * *
You hit Ijyb.
Ijyb is almost dead.
Ijyb hits you with a club.
You die...

.......# #.#.....##.#########
.......# #.#.....##+#
..._...#######..........
.......'))...............
.......######.......(....
.........................
......%.................?.
.................%........
#'####..........@g........
.....#........############
.....#........# .....#........#
.....#........###################
.....#..(.....#..................
.....########.#.#################
.....###### #.#.#.......[.....#
..........# #.#.#....########.#


You could see Ijyb.

Vanquished Creatures
  A giant gecko (D:1)
  2 bats
  7 goblins
  5 hobgoblins
  A kobold (D:2)
  3 giant newts
  3 rats
  A toadstool (D:2)
23 creatures vanquished.

Vanquished Creatures (collateral kills)
  A rat (D:2)
1 creature vanquished.

Grand Total: 24 creatures vanquished

Notes
Turn   | Place    | Note
--------------------------------------------------------------
     0 | D:1      | MordorOrchid, the Ogre Wizard, began the quest for the Orb.
     0 | D:1      | Reached XP level 1. HP: 14/14 MP: 5/5
   140 | D:1      | Reached skill level 1 in Conjurations
   208 | D:1      | Reached XP level 2. HP: 18/22 MP: 5/7
   383 | D:1      | Learned a level 2 spell: Blink
   386 | D:1      | Learned a level 2 spell: Call Imp
   582 | D:2      | Reached skill level 4 in Spellcasting
   591 | D:2      | Reached skill level 1 in Translocations
   862 | D:2      | Found a glowing silver altar of Zin.
   888 | D:2      | Reached XP level 3. HP: 22/28 MP: 3/10
   894 | D:2      | Learned a level 3 spell: Conjure Flame
   899 | D:2      | Reached skill level 1 in Fighting
  1157 | D:2      | Noticed Ijyb
  1180 | D:2      | HP: 1/28 [Ijyb/club (5)]
  1200 | D:2      | HP: 1/28 [Ijyb/club (4)]
  1201 | D:2      | Slain by Ijyb
